AoeStats
← canniz

Black Forest

508937115Analyzed
2v2 RM · 8d ago on Sep 24, 2026· 53m 5s· 4 players
Game mode
Random Map
Map size
Medium (4 player)
Population
200
Speed
Normal
Resources
Standard
Victory
Conquest
Starting age
Dark Age
Ending age
Imperial Age
RankedLock teamsTeams togetherTeam positionsShared explorationLock speedFull tech treeHidden civsTurbo modeCheats
Victory
Defeat
🇮🇹 Spanish · Italy
598
+17
🇮🇹 Portuguese · Italy
541
+20
🇨🇴 Maya · Colombia
673
-20
🇨🇾 Inca · Cyprus
579
-17
tolislambrou
14:24 Feudal Age
23:26 Castle Age
21:36 Fishing Lines
22:36 Double-Bit Axe
22:42 Gold Mining
22:44 Stone Mining
22:58 Stone Mining
22:52 Horse Collar
24:52 Gillnets
28:40 Wheelbarrow
30:14 Heavy Plow
31:55 Bow Saw
34:04 Forging
33:55 Scale Mail Armor
34:15 Caravan
37:16 Imperial Age
36:22 Gold Shaft Mining
36:32 Iron Casting
36:13 Chain Mail Armor
37:44 Hand Cart
38:09 Champi Runner
38:50 Squires
39:24 Crop Rotation
39:20 Conscription
40:42 Fabric Shields
40:06 Elite Kamayuk
42:01 Sanctity
42:23 Stone Shaft Mining
41:29 Champi Warrior
41:56 Arson
42:54 Plate Mail Armor
43:25 Blast Furnace
44:05 Thumb Ring
43:43 Elite Champi Warrior
44:50 Pikeman
45:23 Pikeman
sergioigalvis
10:03 Loom
13:22 Feudal Age
14:36 Double-Bit Axe
15:07 Town Watch
22:13 Castle Age
22:19 Castle Age
22:11 Gold Mining
23:43 Stone Mining
24:31 Wheelbarrow
24:34 Bow Saw
24:22 Crossbowman
26:21 Fishing Lines
26:55 Horse Collar
27:29 Loom
29:22 Gillnets
29:32 Fletching
33:13 Heavy Plow
33:51 Hand Cart
33:56 Forging
34:43 Stone Shaft Mining
39:38 Imperial Age
36:57 Eagle Warrior
37:24 Arson
37:50 Squires
38:58 Elite Skirmisher
39:45 Thumb Ring
40:12 Elite Plumed Archer
41:50 Ballistics
42:31 Chemistry
41:43 Masonry
42:48 Hul'che Javelineers
44:07 Treadmill Crane
49:15 Capped Ram
49:22 Elite Eagle Warrior
50:36 Bodkin Arrow
50:42 Scale Mail Armor
51:18 Iron Casting
50:43 Padded Archer Armor
Lazaros
6:50 Loom
12:47 Feudal Age
18:36 Gold Mining
18:40 Stone Mining
21:58 Wheelbarrow
24:33 Castle Age
22:34 Horse Collar
23:07 Double-Bit Axe
27:35 Heavy Plow
28:15 Stone Shaft Mining
31:47 Gambesons
31:56 Man-at-Arms
33:59 Long Swordsman
34:25 Arson
34:54 Forging
34:45 Scale Mail Armor
35:37 Wheelbarrow
34:51 Town Watch
35:35 Ballistics
35:07 Treadmill Crane
35:50 Caravan
37:18 Hand Cart
38:03 Town Patrol
41:35 Imperial Age
42:39 Iron Casting
42:20 Chain Mail Armor
42:07 Murder Holes
42:06 Two-Handed Swordsman
44:06 Blast Furnace
47:48 Champion
canniz
3:02 Loom
13:46 Feudal Age
14:13 Double-Bit Axe
15:17 Wheelbarrow
14:36 Horse Collar
15:59 Town Watch
22:40 Castle Age
20:47 Gold Mining
20:47 Stone Mining
22:46 Bloodlines
22:46 Scale Barding Armor
23:40 Hand Cart
23:28 Heavy Plow
24:21 Bow Saw
25:09 Chain Barding Armor
24:57 Caravan
25:50 Husbandry
26:13 Squires
28:57 Stone Shaft Mining
29:49 Town Patrol
30:22 Coinage
30:14 Forging
37:18 Imperial Age
36:33 Thumb Ring
36:15 Arson
36:55 Pikeman
39:03 Two-Man Saw
38:45 Plate Barding Armor
38:07 Fletching
38:21 Padded Archer Armor
38:58 Iron Casting
37:46 Cavalier
39:15 Scale Mail Armor
39:48 Banking
40:31 Chemistry
40:47 Ballistics
40:12 Arrowslits
41:30 Paladin
Connection lost

Rejoining the realm…

Still unreachable

The connection could not be restored.

Session expired

The server has moved on; the page needs a fresh start.